 Dungeon Crawl Stone Soup version 0.12.3 (webtiles) character file.

179 Chiseanne the Skirmisher (level 4, -1/36 HPs)
             Began as a Mummy Berserker on Sept 28, 2013.
             Was a Believer of Trog.
             Killed from afar by an electric eel (8 damage)
             ... with a bolt of electricity
             ... on Level 6 of the Dungeon.
             The game lasted 00:09:34 (3153 turns).

Chiseanne the Skirmisher (Mummy Berserker)          Turns: 3153, Time: 00:09:35

HP  -1/36        AC 10     Str 21      XL: 4   Next: 26%
MP   3/3         EV  9     Int  6      God: Trog [**....]
Gold 93          SH  0     Dex 11      Spells:  0 memorised,  3 levels left

Res.Fire  : x . .   See Invis. : .   r - -1,+0 orc short sword (drain)
Res.Cold  : + + .   Warding    : .   g - +2 dwarf ring mail
Life Prot.: + + +   Conserve   : .   (no shield)
Res.Poison: +       Res.Corr.  : .   i - +1 wizard hat
Res.Elec. : .       Clarity    : .   (no cloak)
Sust.Abil.: . .     Spirit.Shd : .   n - +0 pair of elf gloves
Res.Mut.  : .       Stasis     : .   (no boots)
Res.Rott. : +       Ctrl.Telep.: .   (no amulet)
Saprovore : . . .   Flight     : .   (no ring)
                                     b - ring of protection from cold

@: slightly resistant to hostile enchantments, extremely unstealthy
A: no food or potions, fire vulnerability, restore body, cold resistance 1, life
protection 3, poison resistance, torment resistance, unbreathing
a: Burn Spellbooks, Berserk, Trog's Hand, Renounce Religion


You were on level 6 of the Dungeon.
You worshipped Trog.
Trog was greatly pleased with you.
You were not hungry.

You visited 1 branch of the dungeon, and saw 6 of its levels.

You collected 73 gold pieces.

Inventory:

Hand weapons
 a - a +0,+0 hand axe {=f}
 p - a +1,+0 dwarven hand axe
 r - a -1,+0 orcish short sword of draining (weapon)
Missiles
 f - 8 darts (quivered)
 o - 2 darts of flame
 q - 24 poisoned needles
Armour
 g - a +2 dwarven ring mail (worn)
 i - a +1 wizard hat (worn)
 n - a +0 pair of elven gloves (worn)
Magical devices
 t - a wand of frost (9)
Scrolls
 c - 3 scrolls of fog {unknown}
 d - 2 scrolls of curse armour {unknown}
 e - a scroll of curse weapon {unknown}
 h - 2 scrolls of remove curse {unknown}
 j - a scroll of enchant weapon I {unknown}
 k - a scroll of identify
 l - a scroll of amnesia {unknown}
 m - 2 scrolls of curse jewellery {unknown}
 s - a scroll of recharging {unknown}
 u - a scroll of random uselessness {unknown}
Jewellery
 b - a ring of protection from cold (left hand)


   Skills:
 * Level 3.4 Fighting
 * Level 0.1 Short Blades
 - Level 2.8 Axes
 * Level 2.4 Armour
 * Level 2.5 Dodging


You had 3 spell levels left.
You didn't know any spells.

Dungeon Overview and Level Annotations

Branches:
Dungeon (6/27)
 Temple: D:4-7          Orc: D:6-11

Altars:
Elyvilon
Yredelemnul
Zin
the Shining One

Annotations
D:6 exclusion: door


Innate Abilities, Weirdness & Mutations

You do not eat or drink.
Your flesh is vulnerable to fire.
Your flesh is cold resistant.
You are immune to negative energy.
Your system is resistant to poisons.
You are immune to unholy pain and torment.
You can survive without breathing.


Message History

You drain the electric eel!
The electric eel is moderately wounded.
Your ring mail prevents you from hitting the electric eel.
The electric eel is moderately wounded.
You closely miss the electric eel.
The electric eel is moderately wounded.
Your ring mail prevents you from hitting the electric eel.
The electric eel is moderately wounded.
The electric eel shoots out a bolt of electricity!
The bolt of electricity misses the electric eel.
The bolt of electricity hits you!
* * * LOW HITPOINT WARNING * * *
You miss the electric eel.
The electric eel is moderately wounded.
You miss the electric eel.
The electric eel is moderately wounded.
The electric eel shoots out a bolt of electricity!
The bolt of electricity hits the electric eel.
The bolt of electricity hits you!
You die...

♣ ......#
PP≈P≈########.....#
;..≈.♣.......#.....#
..≈≈........#.....#
%..........#.....###
. ≈≈ ♣.....+........
P≈≈
≈♣♣♣.....#.<......
PP≈≈
♣;#......#......##
♣≈≈P♣@########......#
♣♣................#
♣.................#
#.................#
#.##############..#
#. ..# #. .. ..


You could see 2 electric eels.

Vanquished Creatures
  A worker ant (D:4)
  An adder (D:6)
  An inept feature mimic (D:5)
  A worm (D:2)
  An ooze (D:1)
  2 orcs
  5 bats
  2 giant cockroaches
  5 goblins
  8 hobgoblins
  2 jackals (D:1)
  8 kobolds
  3 giant geckos
  3 giant newts
  9 rats
52 creatures vanquished.

Notes
Turn   | Place    | Note
--------------------------------------------------------------
     0 | D:1      | Chiseanne, the Mummy Berserker, began the quest for the Orb.
     0 | D:1      | Reached XP level 1. HP: 18/18 MP: 0/0
   537 | D:1      | Reached XP level 2. HP: 22/24 MP: 1/1
  1100 | D:2      | Acquired Trog's second power
  1199 | D:2      | Found a glowing silver altar of Zin.
  1201 | D:2      | Found a white marble altar of Elyvilon.
  1202 | D:2      | Found a glowing golden altar of the Shining One.
  1677 | D:2      | Reached XP level 3. HP: 10/30 MP: 2/2
  2554 | D:4      | Noticed an ice beast
  2588 | D:5      | Entered Level 5 of the Dungeon
  2588 | D:5      | Noticed an orc warrior
  2589 | D:5      | Noticed a centaur
  2657 | D:4      | Found a basalt altar of Yredelemnul.
  2801 | D:4      | Reached XP level 4. HP: 36/36 MP: 3/3
  2867 | D:5      | Found Smublauc's Weapon Shop.
  2884 | D:5      | Smublauc's Weapon Shop was a mimic.
  3153 | D:6      | Killed from afar by an electric eel

Action                   |  1- 3 |  4- 6 || total
-------------------------+-------+-------++-------
Melee: Hand axe          |   183 |       ||   183
       Short sword       |    35 |    23 ||    58
Throw: Dart              |     7 |       ||     7
Invok: Trog's Hand       |     2 |       ||     2
Evoke: Wand              |       |     1 ||     1
  Use: Scroll            |     3 |       ||     3
